 Dungeon Crawl Stone Soup version 0.24-a0-10-gb84795d (webtiles) character file.

Game seed: 7745382969701011010

863 varaam the Conjurer (level 7, 36/36 HPs)
             Began as a Deep Elf Wizard on Jan 30, 2019.
             Was a Priest of Jiyva.
             Quit the game on level 5 of the Dungeon on Jan 31, 2019.
             The game lasted 00:17:05 (4597 turns).

varaam the Conjurer (Deep Elf Wizard)               Turns: 4597, Time: 00:17:06

Health: 36/36      AC:  8    Str:  5    XL:     7   Next: 72%
Magic:  14/17      EV: 12    Int: 25    God:    Jiyva [***...]
Gold:   59         SH:  0    Dex: 12    Spells: 11/17 levels left

rFire    . . .     SeeInvis .   q - +1 whip (freeze)
rCold    . . .     Gourm    .   (no shield)
rNeg     . . .     Faith    .   a - +0 robe
rPois    .         Spirit   .   b - +0 hat
rElec    .         Reflect  .   m - +2 cloak
rCorr    +         Harm     .   i - +2 pair of gloves
MR       .....                  (no boots)
Stlth    ++........             (no amulet)
HPRegen  0.12/turn              (no ring)
MPRegen  0.15/turn              (no ring)

@: no status effects
A: acidic bite
a: Request Jelly, Renounce Religion


You were on level 5 of the Dungeon.
You worshipped Jiyva.
Jiyva was most pleased with you.
You were not hungry.

You visited 1 branch of the dungeon, and saw 5 of its levels.

You collected 59 gold pieces.

Inventory:

Hand Weapons
 l - a +0 dagger
 q - a +1 whip of freezing (weapon)
Missiles
 Q - 64 stones (quivered)
Armour
 a - a +0 robe (worn)
 b - a +0 hat (worn)
 i - a +2 pair of gloves (worn)
 m - a +2 cloak (worn)
Jewellery
 R - an uncursed amulet of regeneration
Wands
 s - a wand of iceblast (1)
Scrolls
 e - a scroll of magic mapping {unknown}
 f - 2 scrolls of teleportation {unknown}
 h - 5 scrolls of identify {unknown}
 o - a scroll of fear {unknown}
 r - a scroll of noise {unknown}
Potions
 c - a potion of magic {unknown}
 g - a potion of invisibility {unknown}
 j - a potion of curing {unknown}
 k - a potion of heal wounds {unknown}
 n - 4 potions of mutation {unknown}
 p - 4 potions of lignification {unknown}
Comestibles
 d - 4 rations


   Skills:
 - Level 2.4 Dodging
 - Level 2.4 Stealth
 + Level 5.9 Spellcasting
 * Level 6.6 Conjurations
 + Level 3.0 Summonings
   Level 1.1 Translocations
 + Level 3.0 Air Magic
 + Level 3.5 Poison Magic


You had 11 spell levels left.
You knew the following spells:

 Your Spells              Type           Power        Failure   Level  Hunger
a - Magic Dart            Conj           ####         1%          1    None
c - Call Imp              Summ           ###.....     3%          2    None
x - Mephitic Cloud        Conj/Pois/Air  ####....     3%          3    #......

Your spell library contained the following spells:

 Spells                   Type           Power        Failure   Level  Hunger
 Conjure Flame            Conj/Fire      ###.....     6%          3    #......
 Blink                    Tloc           N/A          7%          2    None
 Slow                     Hex            #.......     12%         2    None


Dungeon Overview and Level Annotations

Branches:
Dungeon (5/15)             Temple (0/1) D:5

Altars:
Cheibriados
Jiyva

Annotations:
D:5 2 transporters, bli's ghost, novice BaFi


Innate Abilities, Weirdness & Mutations

You have acidic saliva.


Message History

The stinking cloud engulfs the orc priest but does no damage.
The orc priest is engulfed in noxious fumes.
The orc priest appears confused.
The orc priest hits the jelly with a cursed -1 war axe.
The orc priest is burned by acid!
The jelly hits the orc priest but does no damage.
You now have 13/17 mp.
Aim: an orc priest, wielding a -1 war axe (noxious fumes, heavily wounded, confused) Really fire in the jelly's direction?
This attack would place you under penance!
Okay, then.
The orc priest is engulfed in noxious fumes.
The orc priest appears confused.
The jelly hits the orc priest.
The orc priest is splashed with acid.
The orc priest dies!
Jiyva's power touches on your attributes.
You feel stronger.
You feel stupid.
Level annotation: 2 transporters, bli's ghost, novice BaFi Welcome back, varaam the Deep Elf Wizard.
Slime for the Slime God!

####################
....................
############.###### #.#
#.# #.#
############.#####
...............J@####.#
......................#
###.##.....####.###...#
# #....# #... ..# #
#.... .#...# ## ## #...
.# ...# .# ##.. # .#...
#.# .## #. #.##.. #.#
..#... . .### #.#


You could see a neutral jelly (fellow slime).

Vault maps used:
D:1:      dpeg_arrival_tiny_i, skrybe_limestone_x
D:2:      chequers_ecumenical_altar_island
D:3:      cheibriados_altar_1, first_ration, uniq_jessica, uniq_grinder,
          uniq_robin, uniq_terence
D:4:      uniq_pikel
D:5:      temple_green, gammafunk_ghost_stat_death, minivault_1,
          roderic_lattice_a, mrwooster_statue_mirror

Notes
Turn   | Place    | Note
-------+----------+-------------------------------------------
     0 | D:1      | varaam the Deep Elf Wizard began the quest for the Orb.
     0 | D:1      | Reached XP level 1. HP: 10/10 MP: 7/7
     1 | D:1      | Identified a cursed +0 club
     8 | D:1      | Identified a +0 club
    83 | D:1      | Identified a +0 club
   183 | D:1      | Identified a +0 club
   187 | D:1      | Reached skill level 2 in Conjurations
   187 | D:1      | Reached XP level 2. HP: 15/15 MP: 4/9
   266 | D:1      | Learned a level 2 spell: Call Imp
   280 | D:1      | Identified a +0 club
   355 | D:1      | Identified a +0 club
   582 | D:1      | Identified a +0 club
   640 | D:1      | Identified a +0 dagger
   791 | D:1      | Identified a cursed +0 whip
   996 | D:2      | Identified a +0 club
   998 | D:2      | Reached XP level 3. HP: 19/19 MP: 8/11
  1084 | D:2      | Reached skill level 5 in Spellcasting
  1098 | D:2      | Reached skill level 3 in Conjurations
  1222 | D:2      | Found a faded altar of an unknown god.
  1336 | D:2      | Became a worshipper of Jiyva Jeetox the Shapeless
  1336 | D:2      | Reached * piety under Jiyva
  1337 | D:2      | Upgraded the game from 0.24-a0-7-g1bb0902 to
                  | 0.24-a0-10-gb84795d
  1422 | D:2      | Identified a +0 whip
  1519 | D:2      | Identified a +2 pair of gloves (You found it on level 2 of
                  | the Dungeon)
  1780 | D:2      | Identified a +0 dagger
  1784 | D:2      | Reached XP level 4. HP: 24/24 MP: 9/13
  1832 | D:2      | Identified a +2 cloak (You found it on level 2 of the
                  | Dungeon)
  1856 | D:3      | Identified a +0 club
  2010 | D:3      | Identified a +0 trident
  2010 | D:3      | Identified a +0 scale mail
  2010 | D:3      | Noticed Terence
  2010 | D:3      | Identified a +0 flail
  2010 | D:3      | Identified a +0 spear
  2113 | D:3      | Reached skill level 4 in Conjurations
  2126 | D:3      | Learned a level 3 spell: Mephitic Cloud
  2129 | D:3      | Identified a +0 dagger
  2130 | D:3      | Identified a cursed -1 club
  2131 | D:3      | Identified a +0 club
  2131 | D:3      | Identified a +0 hunting sling
  2131 | D:3      | Identified a +0 club
  2172 | D:3      | Identified a +0 club
  2172 | D:3      | Identified a +0 club
  2172 | D:3      | Identified a +0 club
  2172 | D:3      | Identified a +0 hunting sling
  2172 | D:3      | Identified a +0 club
  2188 | D:3      | Noticed Grinder
  2188 | D:3      | Paralysed by Grinder for 2 turns
  2216 | D:4      | Identified a cursed -2 giant club
  2216 | D:4      | Noticed an ogre
  2247 | D:4      | Killed an ogre
  2247 | D:4      | Reached skill level 1 in Air Magic
  2247 | D:4      | Reached skill level 1 in Poison Magic
  2247 | D:4      | Reached XP level 5. HP: 21/28 MP: 0/14
  2440 | D:4      | You fall through a shaft!
  2440 | D:5      | Entered Level 5 of the Dungeon
  2440 | D:5      | Identified a +0 flail
  2448 | D:4      | Identified a +0 hand axe
  2448 | D:4      | Identified a cursed -3 dagger
  2448 | D:4      | Identified a +0 leather armour
  2448 | D:4      | Identified a +0 leather armour
  2448 | D:4      | Identified a +0 hand axe
  2467 | D:4      | Reached skill level 5 in Conjurations
  2539 | D:4      | Reached skill level 2 in Poison Magic
  2661 | D:4      | Reached XP level 6. HP: 31/32 MP: 8/15
  2776 | D:4      | You fall through a shaft!
  2819 | D:5      | Reached ** piety under Jiyva
  2901 | D:5      | Reached skill level 2 in Air Magic
  2985 | D:3      | Identified a cursed -3 whip
  2986 | D:3      | Identified a +0 club
  2986 | D:3      | Identified a +0 hunting sling
  2989 | D:3      | Identified a +0 club
  2989 | D:3      | Identified a +0 animal skin
  2989 | D:3      | Identified a +2 helmet
  2989 | D:3      | Noticed Robin
  2993 | D:3      | Identified a +0 club
  3020 | D:3      | Killed Robin
  3089 | D:3      | Reached *** piety under Jiyva
  3169 | D:3      | Identified a +0 robe
  3169 | D:3      | Identified an uncursed amulet of regeneration
  3169 | D:3      | Noticed Jessica
  3185 | D:3      | Killed Jessica
  3204 | D:3      | Killed Grinder
  3250 | D:3      | Gained mutation: You have acidic saliva. [Jiyva's grace]
  3270 | D:3      | Identified a +0 dagger
  3325 | D:3      | Found a snail-covered altar of Cheibriados.
  3581 | D:3      | Killed Terence
  3726 | D:4      | Identified a cursed +0 animal skin
  3726 | D:4      | Noticed a slave
  3748 | D:4      | Killed a slave
  3754 | D:4      | Identified a +1 whip of freezing
  3754 | D:4      | Identified a +0 robe
  3754 | D:4      | Noticed Pikel
  3773 | D:4      | Identified a +0 animal skin
  3773 | D:4      | Noticed a slave
  3773 | D:4      | Identified a +0 animal skin
  3773 | D:4      | Noticed a slave
  3774 | D:4      | Identified a +0 animal skin
  3774 | D:4      | Noticed a slave
  3800 | D:4      | Killed Pikel
  3800 | D:4      | Reached skill level 6 in Conjurations
  3800 | D:4      | Reached skill level 2 in Summonings
  3800 | D:4      | Reached skill level 3 in Poison Magic
  3800 | D:4      | Reached XP level 7. HP: 15/36 MP: 1/17
  4154 | D:5      | Found a transporter.
  4159 | D:5      | Identified a +0 club
  4159 | D:5      | Identified a +0 ring mail
  4174 | D:5      | Reached skill level 3 in Air Magic
  4463 | D:5      | Found a transporter.
  4474 | D:5      | Noticed bli's ghost (novice BaFi)
  4534 | D:5      | Found a staircase to the Ecumenical Temple.
  4587 | D:5      | Identified a +0 club
  4589 | D:5      | Identified a cursed -1 war axe
  4590 | D:5      | Reached skill level 3 in Summonings
  4597 | D:5      | Quit the game

Table legend:
 A = Turns spent in this place as a percentage of turns spent in the entire game.
 B = Non-inter-level travel turns spent in this place as a percentage of non-inter-level travel turns spent in the entire game.
 C = Inter-level travel turns spent in this place as a percentage of turns spent in this place.
 D = Turns resting spent in this place as a percentage of non-inter-level travel turns spent in this place.
 E = Turns spent auto-exploring this place as a percentage of non-inter-level travel turns spent in this place.
 F = Non-inter-level travel turns spent in this place divided by the number of levels of this place that you've seen.
                   A       B       C       D       E      F
               +-------+-------+-------+-------+-------+----------------------
         Total | 100.0 | 100.0 |   2.9 |   4.8 |  76.2 | 892.6
       Dungeon | 100.0 | 100.0 |   2.9 |   4.8 |  76.2 | 892.6
               +-------+-------+-------+-------+-------+----------------------

Table legend:
 A = Kills in this place as a percentage of kills in entire the game.
 B = Kills by you in this place as a percentage of kills by you in the entire game.
 C = Kills by friends in this place as a percentage of kills by friends in the entire game.
 D = Other kills in this place as a percentage of other kills in the entire game.
 E = Experience gained in this place as a percentage of experience gained in the entire game.
 F = Experience gained in this place divided by the number of levels of this place that you have seen.
                   A       B       C       D       E      F
               +-------+-------+-------+-------+-------+----------------------
         Total | 100.0 | 100.0 | 100.0 | 100.0 | 100.0 | 246.6
       Dungeon | 100.0 | 100.0 | 100.0 | 100.0 | 100.0 | 246.6
               +-------+-------+-------+-------+-------+----------------------

Skill      XL: |  1  2  3  4  5  6  7 |
---------------+----------------------+-----
Conjurations   | 2 3 4 5 6 |  6.6
Spellcasting   | 5 |  5.9
Air Magic      | 1 2 3 |  3.0
Poison Magic   | 1 2 3 |  3.5
Summonings     | 2 3 |  3.0
Dodging        | |  2.4
Stealth        | |  2.4
Translocations | |  1.1

Action                   |  1- 3 |  4- 6 |  7- 9 || total
-------------------------+-------+-------+-------++-------
Melee: Dagger            |       |    54 |       ||    54
       Whip              |       |       |     4 ||     4
Throw: Stone             |       |     6 |       ||     6
 Cast: Magic Dart        |   105 |    81 |    19 ||   205
       Call Imp          |     2 |    11 |     1 ||    14
       Mephitic Cloud    |       |    12 |     3 ||    15
Evoke: Wand              |       |     1 |     1 ||     2
 Stab: Confused          |       |     7 |       ||     7
  Eat: Chunk             |     2 |     4 |       ||     6
Armor: Robe              |     2 |    23 |     5 ||    30
Dodge: Dodged            |     8 |    41 |     5 ||    54

Vanquished Creatures
  Pikel (D:4)
  A slave (D:4)
  2 crimson imps
  A bullfrog zombie (D:5)
  An orc priest (D:4)
  Jessica (D:3)
  Terence (D:3)
  A worker ant (D:4)
  Robin (D:3)
  2 gnolls (D:3)
  An adder (D:2)
  A shadow imp (D:5)
  An ooze (D:2)
  4 worms
  A dart slug (D:2)
  2 leopard geckos
  4 orcs
  2 ball pythons
  2 bats (D:1)
  6 giant cockroaches
  5 hobgoblins (D:1)
  2 jackals (D:2)
  10 kobolds
  A quokka (D:3)
  4 frilled lizards
  15 goblins
  6 rats
79 creatures vanquished.

Vanquished Creatures (collateral kills)
  An ogre (D:4)
  A scorpion (D:4)
  A worker ant (D:4)
  2 orcs (D:5)
  A goblin (D:3)
  A hobgoblin (D:3)
  A quokka (D:4)
8 creatures vanquished.

Vanquished Creatures (others)
  Grinder (D:3)
  A crimson imp (D:5)
  An orc priest (D:5)
  A gnoll (D:3)
  An adder (D:4)
  A leopard gecko (D:5)
  An orc (D:5)
  A ball python (D:5)
  A frilled lizard (D:5)
9 creatures vanquished.

Grand Total: 96 creatures vanquished
